 Dungeon Crawl Stone Soup version 0.32-a0-86-g8db1b9f803 (webtiles) character file.

Game seed: 10543532468214145074

21507 Atlas the Warrior (level 13, -31/110 HPs)
             Began as a Djinni Fire Elementalist on Feb 6, 2024.
             Was a High Priest of Makhleb.
             Killed from afar by Frances (52 damage)
             ... with an iron shot
             ... on level 12 of the Dungeon.
             The game lasted 00:27:09 (15175 turns).

Atlas the Warrior (Djinni Fire Elementalist)       Turns: 15175, Time: 00:27:09

Health: -31/110    AC: 10    Str:  7    XL:     13   Next: 20%
Gold:   613        EV: 14    Int: 21    God:    Makhleb [*****.] SH:  0 Dex: 15

rFire   + + +        g - staff of fire
rCold   . . .        (no shield)
rNeg    . . .        T - +2 troll leather armour
rPois   ∞            J - +2 helmet
rElec   .            L - +0 cloak
rCorr   +            (no gloves)
SInv    .            (boots unavailable)
Will    +....        j - amulet of the acrobat
Stlth   ++           O - ring of resist corrosion
HPRegen 1.18/turn    C - ring of protection from cold
MPRegen 0.00/turn

%: acrobat, infuse magic (-32 HP)
@: about to teleport, flying, studying Summonings
A: sickness immunity, fire resistance 2, cold vulnerability 1, float, innate
caster, HP casting, extra vitality 1
a: Renounce Religion, Minor Destruction, Lesser Servant of Makhleb, Major
Destruction, Greater Servant of Makhleb


You were on level 12 of the Dungeon.
You worshipped Makhleb.
Makhleb was extremely pleased with you.
You visited 1 branch of the dungeon, and saw 13 of its levels.

You collected 923 gold pieces.
You spent 310 gold pieces at shops.

Inventory:

Hand Weapons
 B - a +2 flail of protection
Armour
 q - a scarf of shadows
 F - a +0 kite shield
 J - a +2 helmet (worn)
 L - a +0 cloak (worn)
 T - a +2 troll leather armour (worn)
Magical Staves
 g - a staff of fire (weapon)
Jewellery
 j - an amulet of the acrobat (around neck)
 m - a ring of ice
 x - a +6 ring of dexterity
 C - a ring of protection from cold (right hand)
 O - a ring of resist corrosion (left hand)
 R - a ring of fire
Wands
 h - a wand of charming (6)
 s - a wand of polymorph (36)
 v - a wand of flame (32)
 D - a wand of digging (5)
 S - a wand of iceblast (10)
Scrolls
 e - 2 scrolls of enchant weapon
 l - a scroll of identify
 r - 5 scrolls of immolation
 w - 2 scrolls of torment {unknown}
 y - 2 scrolls of noise {unknown}
 G - 2 scrolls of fear {unknown}
 H - 2 scrolls of fog {unknown}
 I - 2 scrolls of amnesia {unknown}
 N - a scroll of poison
 P - a scroll of silence {unknown}
Potions
 a - 4 potions of attraction
 b - 5 potions of curing
 c - 2 potions of enlightenment
 d - 3 potions of magic
 i - 3 potions of cancellation
 n - a potion of invisibility {unknown}
 o - 2 potions of might
 p - 3 potions of brilliance
 u - a potion of lignification
 z - a potion of berserk rage {unknown}
 E - 3 potions of haste
 K - a potion of experience {unknown}
 M - a potion of degeneration {unknown}
 Q - 2 potions of heal wounds {unknown}


   Skills:
 + Level 16.2 Fighting
 + Level 0.8 Staves
 + Level 5.6 Armour
 + Level 6.8 Dodging
 - Level 2.1 Stealth
 + Level 0.1 Unarmed Combat
 + Level 8.7 Spellcasting
 + Level 8.7 Conjurations
 + Level 8.7 Hexes
 + Level 10.3 Summonings
 + Level 8.7 Necromancy
 + Level 8.7 Translocations
 + Level 8.7 Fire Magic
 + Level 8.7 Ice Magic
 + Level 8.7 Air Magic
 + Level 8.7 Earth Magic
 + Level 8.7 Alchemy


You knew the following spells:

 Your Spells              Type           Power      Damage    Failure   Level
a - Scorch                Fire           100%       2d9       1%          2
b - Foxfire               Conj/Fire      100%       2x1d9     1%          1
c - Volatile Blastmotes   Fire/Tloc      100%       2d18      1%          3
d - Inner Flame           Hex/Fire       62%        N/A       1%          3
e - Flame Wave            Conj/Fire      62%        2d14      2%          4
f - Necrotise             Necr           100%       1d9       1%          1
g - Blink                 Tloc           90%        N/A       1%          2
h - Summon Ice Beast      Ice/Summ       49%        N/A       1%          3
i - Passage of Golubria   Tloc           45%        N/A       2%          4
j - Leda's Liquefaction   Alch/Erth      22%        N/A       2%          4
k - Arcjolt               Conj/Air       22%        1d32      8%          5
Your spell library was empty.

Dungeon Overview and Level Annotations

Branches:
Dungeon (13/15)            Temple (0/1) D:6            Lair (0/5) D:9
    Orc (0/2) D:11
 Vaults: D:13-14

Altars:
Dithmenos
Makhleb
Nemelex Xobeh
Ru
Trog
Uskayaw
Xom
Yredelemnul
Zin
Lugonu

Shops:
D:7 *   D:13 (

Annotations:
D:12 Frances


Innate Abilities, Weirdness & Mutations

You are immune to sickness and miasma.
You are immune to poison.
Your flesh is very heat resistant. (rF++)
You are vulnerable to cold. (rC-)
You float through the air rather than walking.
You learn spells naturally, not from books.
Your magical power is your life essence.
You have superior vitality. (+4 MHP)


Message History

The sun demon is struck by an electric surge.
The sun demon is lightly wounded.
The neqoxec is struck by an electric surge!
The neqoxec is heavily wounded.
Frances is struck by an electric surge!
Frances is moderately wounded.
The sun demon hits you!!
You are engulfed in flames.
You resist.
Frances chants phrases taken from a devil's mouth.
Frances seems to speed up.
The neqoxec closely misses you.
You hear a screech!
Casting: Arcjolt (dangerous; 8% risk of failure)
Confirm with . or Enter, or press ? or * to list all spells.
Electricity surges outward!
The sun demon resists.
The sun demon is struck by an electric surge.
The sun demon is lightly wounded.
The neqoxec is struck by an electric surge!!
You kill the neqoxec!
The neqoxec disappears in a puff of smoke!
Frances is struck by an electric surge.
Frances is moderately wounded.
The sun demon hits you!!
You are engulfed in flames.
You resist.
Unknown command.
Unknown command.
As you read the scroll of teleportation, it crumbles to dust.
You feel strangely unstable. Frances hits you with a +0 scimitar!!
* * * LOW HITPOINT WARNING * * *
The sun demon barely misses you. Frances misses you.
The sun demon hits you but does no damage.
Frances attacks as she pursues you! Frances closely misses you.
The sun demon attacks as it pursues you!
The sun demon misses you.
You reach down and open the door.
Frances screams a word of power!
The sun demon hits you!
* * * LOW HITPOINT WARNING * * *
You are engulfed in flames.
You resist.
* * * LOW HITPOINT WARNING * * *
Frances whispers indecipherable words.
The iron shot hits you!!!
You die...

#....#...#.....#.....#...#.....#
########'##.....'.....##+##.....'
########.##.....#.....#...#.....#
....^....##'#.#####.#+#...#'#.###
#####.##....#.'...'.#.......#.+..
...##.#########...#####...#####.#
...##.#### #.4.4...#.'...+.....#
..[##....####'#@3.#'#[###########
.[..........@.#4@.#.....#
)[.#####@.....##'##.....# †..#
#............#.....# ...#
#.#######..###'#.### #### .###
#.# #......#.+.# #... ## #.#
#......###.# #.##
#)################.######.#
#.........................#
#########################.#


You could see Frances (fast), a sun demon (summoned, expiring), a hellwing
(summoned), a rust devil (summoned) and a red devil (summoned).

Vanquished Creatures
  2 hydras
  3 centaur warriors (D:13)
  2 two-headed ogres
  3 boulder beetles
  Sonja (D:13)
  Lodul (D:10)
  A skeletal warrior (D:11)
  An ugly thing (D:12)
  A deep elf pyromancer (D:13)
  A manticore (D:12)
  A cyclops (D:11)
  3 kobold demonologists (D:9)
  3 trolls
  2 hornets
  2 dream sheep (D:8)
  3 slime creatures (D:12)
  8 yaks
  4 wyverns
  A basilisk (D:9)
  3 wraiths
  Grum (D:8)
  2 steam dragons
  2 vampire mosquitoes (D:13)
  Edmund (D:4)
  Menkaure (D:7)
  A water moccasin (D:8)
  Duvessa (D:4)
  3 sky beasts
  4 orc warriors
  A black bear (D:9)
  2 ice beasts
  A laughing skull (D:12)
  11 ogres
  2 wolves (D:8)
  6 centaurs
  Blork the orc (D:4)
  6 kobold brigands
  A gnoll sergeant (D:6)
  2 scorpions
  3 bullfrogs
  Dowan (D:4)
  8 wights
  23 killer bees
  4 howler monkeys
  3 bombardier beetles
  3 jellies
  4 hounds
  3 quasits (D:8)
  4 orc priests
  3 iguanas
  Crazy Yiuf (D:7)
  A sleepcap (D:4)
  Ijyb (D:4)
  4 orc wizards
  Robin (D:4)
  7 gnolls
  10 adders
  2 shadow imps (D:8)
  3 white imps
  7 ufetubi
  A dart slug (D:1)
  A ribbon worm (shapeshifter) (D:13)
  2 ribbon worms
  22 orcs
  2 bats (D:1)
  8 endoplasms
  6 giant cockroaches
  19 goblins
  5 hobgoblins
  8 jackals
  2 quokkas
  7 ball pythons
  4 frilled lizards
  12 kobolds
  5 rats
  A foxfire (D:13)
296 creatures vanquished.

Vanquished Creatures (collateral kills)
  A vampire mosquito (D:13)
  A laughing skull (D:13)
  4 foxfires (D:8)
6 creatures vanquished.

Vanquished Creatures (others)
  A shadow (D:13)
  An ufetubus (D:6)
  709 foxfires
711 creatures vanquished.

Grand Total: 1013 creatures vanquished

Notes
Turn   | Place    | Note
-------+----------+-------------------------------------------
     0 | D:1      | Atlas the Djinni Fire Elementalist began the quest for the
                  | Orb.
     0 | D:1      | Atlas set off with the following spells memorised: Foxfire,
                  | Scorch, Volatile Blastmotes, Inner Flame, Flame Wave.
     0 | D:1      | Reached XP level 1. HP: 15/15 MP: 0/0
    62 | D:1      | Found a faded altar of an unknown god.
    89 | D:1      | Reached XP level 2. HP: 17/21 MP: 0/0
   542 | D:1      | Reached XP level 3. HP: 23/25 MP: 0/0
   542 | D:1      | Learned a level 1 spell: Necrotise
   766 | D:2      | Reached skill level 1 in Fighting
   868 | D:2      | Reached XP level 4. HP: 30/33 MP: 0/0
  1011 | D:2      | Reached skill level 2 in Fighting
  1772 | D:3      | Found a hide-covered altar of Uskayaw.
  1808 | D:3      | Noticed a sky beast
  1814 | D:3      | Killed a sky beast
  1815 | D:3      | Reached skill level 3 in Fighting
  1815 | D:3      | Reached skill level 1 in Armour
  1815 | D:3      | Reached XP level 5. HP: 34/40 MP: 0/0
  1815 | D:3      | Learned a level 2 spell: Blink
  1815 | D:3      | Reached XP level 6. HP: 39/46 MP: 0/0
  1862 | D:3      | Noticed a +0 hand axe
  1862 | D:3      | Noticed a +0 dagger
  2003 | D:3      | Found a burning altar of Makhleb.
  2081 | D:3      | Became a worshipper of Makhleb the Destroyer
  2214 | D:4      | Noticed Dowan
  2218 | D:4      | Noticed Duvessa
  2223 | D:4      | Killed Dowan
  2236 | D:4      | Killed Duvessa
  2237 | D:4      | Reached skill level 4 in Fighting
  2422 | D:4      | Noticed Ijyb
  2437 | D:4      | Killed Ijyb
  2438 | D:4      | Reached XP level 7. HP: 41/53 MP: 0/0
  2438 | D:4      | Learned a level 3 spell: Summon Ice Beast
  2679 | D:4      | Noticed Blork the orc
  2689 | D:4      | Killed Blork the orc
  2690 | D:4      | Reached skill level 5 in Fighting
  2936 | D:4      | Reached skill level 6 in Fighting
  3001 | D:4      | Reached * piety under Makhleb
  3005 | D:4      | Reached XP level 8. HP: 55/61 MP: 0/0
  3385 | D:4      | Noticed Edmund
  3396 | D:4      | Killed Edmund
  3597 | D:4      | Noticed Robin
  3613 | D:4      | Killed Robin
  3891 | D:5      | Entered Level 5 of the Dungeon
  4173 | D:5      | Reached skill level 7 in Fighting
  4520 | D:5      | Found a glowing silver altar of Zin.
  4709 | D:5      | Found a shadowy altar of Dithmenos.
  4715 | D:5      | Found a basalt altar of Yredelemnul.
  4724 | D:5      | Found a bloodstained altar of Trog.
  4869 | D:6      | Reached skill level 8 in Fighting
  4869 | D:6      | Reached XP level 9. HP: 45/71 MP: 0/0
  4869 | D:6      | Learned a level 4 spell: Passage of Golubria
  5006 | D:6      | Reached ** piety under Makhleb
  5149 | D:6      | Reached skill level 9 in Fighting
  5349 | D:6      | Reached skill level 5 in Spellcasting
  5349 | D:6      | Reached skill level 5 in Conjurations
  5349 | D:6      | Reached skill level 5 in Hexes
  5349 | D:6      | Reached skill level 5 in Summonings
  5349 | D:6      | Reached skill level 5 in Necromancy
  5349 | D:6      | Reached skill level 5 in Translocations
  5349 | D:6      | Reached skill level 5 in Fire Magic
  5349 | D:6      | Reached skill level 5 in Ice Magic
  5349 | D:6      | Reached skill level 5 in Air Magic
  5349 | D:6      | Reached skill level 5 in Earth Magic
  5349 | D:6      | Reached skill level 5 in Alchemy
  5777 | D:6      | Found a staircase to the Ecumenical Temple.
  5894 | D:7      | Noticed Menkaure
  5898 | D:7      | Killed Menkaure
  5899 | D:7      | Reached skill level 10 in Fighting
  6012 | D:7      | Found Lainoe's Assorted Antiques.
  6020 | D:7      | Bought a shiny helmet for 172 gold pieces
  6067 | D:7      | Reached XP level 10. HP: 67/81 MP: 0/0
  6385 | D:7      | Reached skill level 11 in Fighting
  6655 | D:7      | Found a runed translucent door.
  6656 | D:7      | Noticed Crazy Yiuf
  6663 | D:7      | Killed Crazy Yiuf
  6753 | D:8      | Noticed Grum
  6777 | D:8      | Killed Grum
  6900 | D:8      | Noticed a three-headed hydra
  6909 | D:8      | Killed a three-headed hydra
  6909 | D:8      | Reached *** piety under Makhleb
  6910 | D:8      | Reached skill level 12 in Fighting
  7339 | D:8      | Identified a scroll of acquirement
  7392 | D:8      | Reached XP level 11. HP: 80/90 MP: 0/0
  7392 | D:8      | Learned a level 4 spell: Leda's Liquefaction
  7514 | D:7      | Bought a scroll of teleportation for 69 gold pieces
  7514 | D:7      | Bought a scroll of teleportation for 69 gold pieces
  7669 | D:8      | Reached skill level 13 in Fighting
  7819 | D:8      | Found a sparkling altar of Nemelex Xobeh.
  8169 | D:9      | Noticed a soul eater
  8182 | D:9      | Reached **** piety under Makhleb
  8489 | D:9      | Reached skill level 14 in Fighting
  8734 | D:9      | Found a staircase to the Lair.
  8741 | D:9      | Reached skill level 5 in Dodging
  8940 | D:9      | Found a shimmering altar of Xom.
  8940 | D:9      | Found a sacrificial altar of Ru.
  9005 | D:10     | Entered Level 10 of the Dungeon
  9449 | D:10     | Acquired a manual of Summonings
  9550 | D:10     | Noticed Lodul
  9557 | D:10     | Killed Lodul
  9558 | D:10     | Reached XP level 12. HP: 86/101 MP: 0/0
  9776 | D:11     | Noticed a two-headed ogre
  9782 | D:10     | Killed a two-headed ogre
  9917 | D:11     | Reached skill level 15 in Fighting
 10239 | D:11     | Found a staircase to the Orcish Mines.
 10249 | D:11     | Noticed a boulder beetle
 10264 | D:11     | Killed a boulder beetle
 10527 | D:11     | Reached ***** piety under Makhleb
 10689 | D:11     | You are sucked into a shaft and drop 1 floor!
 10802 | D:12     | Found a corrupted altar of Lugonu.
 10986 | D:11     | Noticed a skeletal warrior
 11093 | D:11     | Killed a skeletal warrior
 11409 | D:11     | Noticed a skeletal warrior
 11637 | D:11     | Noticed a skeletal warrior
 13054 | D:13     | Noticed a boulder beetle
 13080 | D:13     | Noticed Frances
 13395 | D:12     | Killed a boulder beetle
 13396 | D:12     | Reached skill level 16 in Fighting
 13589 | D:13     | Noticed Sonja
 13593 | D:13     | Killed Sonja
 13595 | D:13     | Noticed a six-headed hydra
 13601 | D:13     | Killed a six-headed hydra
 13602 | D:13     | Reached skill level 5 in Armour
 13608 | D:13     | Found Saoza's Antique Weapon Shoppe.
 13617 | D:13     | Noticed a boulder beetle
 13639 | D:13     | Killed a boulder beetle
 13663 | D:13     | Noticed a boulder beetle
 13674 | D:13     | Noticed a centaur warrior
 13678 | D:13     | Noticed a vault guard
 13747 | D:12     | Reached XP level 13. HP: 42/94 MP: 0/0
 13747 | D:12     | Learned a level 5 spell: Arcjolt
 13935 | D:13     | Noticed a centaur warrior
 13940 | D:13     | Noticed a centaur warrior
 14076 | D:13     | Noticed a centaur warrior
 14080 | D:13     | Killed a centaur warrior
 14080 | D:13     | Killed a centaur warrior
 14081 | D:13     | Reached skill level 10 in Summonings
 14081 | D:13     | Killed a centaur warrior
 14395 | D:13     | Noticed a centaur warrior
 15054 | D:12     | HP: 4/110 [Frances/+0 scimitar (27)]
 15175 | D:12     | Killed from afar by Frances

Illustrated notes

Levels and vault maps discovered:
D:1:      dpeg_arrival_shrine, layout_basic,
          hellmonk_ecumenical_altar_dog_temple
D:2:      minmay_door_path, layout_basic, hangedman_decor_push,
          minmay_misc_feat_columns
D:3:      layout_basic, lightli_temple_of_fire, dancing_weapons_uskayaw
D:4:      layout_basic, uniq_blork_the_orc, uniq_edmund, uniq_ijyb, uniq_robin,
          uniq_duvessa
D:5:      layout_loops_ring, minmay_overflow_temple_star_quad,
          lemuel_doored_altar, minmay_misc_feat_enclosed
D:6:      layout_basic, minmay_temple_entry_hall, st_stairs_1
D:7:      layout_rooms, serial_shops, nicolae_shop_statue_plus, serial_curves,
          eino_curves_01, eino_curves_01, uniq_menkaure, uniq_crazy_yiuf_cottage
D:8:      layout_loops_ring, mainiacjoe_overflow_surrounded_room,
          serial_demonic, serial_demonic_b, serial_demonic_g, serial_demonic_a,
          serial_demonic_f, serial_demonic_f, hangedman_ranch, uniq_grum
D:9:      layout_roguey, gammafunk_temple_overflow_statue, david_lair_generic
D:10:     layout_irregular_city, uniq_lodul
D:11:     layout_layer_cave, minmay_orc_entry_temple_small
D:12:     nicolae_cairo_tiling_large, layout_basic, tgw_lugonu_bribe
D:13:     minmay_the_grid_3x3 [minmay_the_grid_outer_diamond,
          minmay_the_grid_minigrid_large, minmay_the_grid_pillar_ring,
          minmay_the_grid_x, minmay_the_grid_embedded, minmay_the_grid_empty,
          minmay_the_grid_plusring, minmay_the_grid_odd_star,
          minmay_the_grid_prize_diamond_cup], layout_cave_pools,
          grunt_vaults_entry_fortified, serial_shops, shop,
          columned_hall_lemuel, uniq_frances, uniq_sonja

Skill      XL: |  1  2  3  4  5  6  7  8  9 10 11 12 13 |
---------------+----------------------------------------+-----
Stealth        | 2 |  2.1
Fighting       | 1 3 4 6 8 10 12 14 16 | 16.2
Dodging        | 3 4 5 6 |  6.8
Armour         | 1 2 3 4 5 |  5.6
Spellcasting   | 4 5 6 8 |  8.7
Conjurations   | 4 5 6 8 |  8.7
Hexes          | 4 5 6 8 |  8.7
Summonings     | 4 5 6 9 10 | 10.3
Necromancy     | 4 5 6 8 |  8.7
Translocations | 4 5 6 8 |  8.7
Fire Magic     | 4 5 6 8 |  8.7
Ice Magic      | 4 5 6 8 |  8.7
Air Magic      | 4 5 6 8 |  8.7
Earth Magic    | 4 5 6 8 |  8.7
Alchemy        | 4 5 6 8 |  8.7
Staves         | |  0.8
Unarmed Combat | |  0.1

Action                     |  1- 3 |  4- 6 |  7- 9 | 10-12 | 13-15 || total
---------------------------+-------+-------+-------+-------+-------++-------
  Melee: Staff             |     2 |       |     1 |     2 |     1 ||     6
         Unarmed           |       |       |     4 |       |       ||     4
         Punch             |       |       |       |       |     1 ||     1
   Cast: Foxfire           |    83 |    38 |    74 |   187 |    13 ||   395
         Scorch            |       |    23 |   128 |   204 |     6 ||   361
         Flame Wave        |       |       |     2 |    27 |       ||    29
         Inner Flame       |       |       |     1 |       |       ||     1
         Volatile Blastmot |       |       |     1 |       |       ||     1
         Passage of Golubr |       |       |       |     1 |       ||     1
         Summon Ice Beast  |       |       |       |     8 |     2 ||    10
         Leda's Liquefacti |       |       |       |     3 |     1 ||     4
         Arcjolt           |       |       |       |       |    18 ||    18
    Use: Scroll            |       |     1 |       |    20 |     2 ||    23
 Armour: Robe              |     3 |       |       |       |       ||     3
         Leather armour    |       |     8 |    32 |   110 |       ||   150
         Skin              |       |       |     2 |       |       ||     2
         Troll leather arm |       |       |       |    39 |    33 ||    72
  Dodge: Dodged            |    13 |    10 |    41 |   191 |    25 ||   280

Table legend: (Time is in decaauts)
 A = Elapsed time spent in this place.
 B = Non-inter-level travel time spent in this place.
 C = Inter-level travel time spent in this place.
 D = Time resting spent in this place.
 E = Time spent auto-exploring this place.
 F = Levels seen in this place.
 G = Mean time per level.
                   A        B        C        D        E       F      G
               +--------+--------+--------+--------+--------+-----+--------+
         Total |  15194 |  14265 |    929 |   3132 |   8782 |  13 | 1168.8 |
       Dungeon |  15194 |  14265 |    929 |   3132 |   8782 |  13 | 1168.8 |
               +--------+--------+--------+--------+--------+-----+--------+

Top non-repeatable levels by time:
    D:12: 3345 daAuts
     D:4: 1795 daAuts
     D:8: 1516 daAuts
    D:10: 1414 daAuts
    D:11: 1189 daAuts
     D:6: 1082 daAuts
     D:7: 912 daAuts
     D:5: 877 daAuts
     D:1: 752 daAuts
     D:9: 724 daAuts
     D:2: 706 daAuts
     D:3: 633 daAuts
    D:13: 244 daAuts
